Map: Cyber Forest LE

Players

sultan - Winner!

  • Race: Zerg Zerg
  • League: Bronze
  • Spawn Location: 11:00

zealot

  • Race: Terran Terran
  • Spawn Location: 5:00

VOD

Have the link to the VOD?

Description

Time

  • Played on: Aug. 8, 2019, 7:25 a.m.
  • Length: 11:19
Show
View Real Time Build Order
Export as new Build Order

sultan Zerg - Winner!

Build Orders: Pool First 

Get SALT Encoding   

  12  0:13  Overlord  
  12  0:20  Drone x2  
  14  0:27  Extractor  
  13  0:38  Drone x2  
  15  0:50  Spawning Pool  
  14  1:00  Drone x2  
  16  1:20  Drone x2  
  18  1:40  Hatchery  
  18  1:41  Metabolic Boost  
  17  1:53  Queen  
  19  2:01  Drone  
  19  2:02  Drone  
  19  2:03  Drone  
  22  2:14  Overlord  
  22  2:58  Drone x3  
  25  3:08  Overlord x2  
  25  3:32  Spine Crawler  
  24  3:35  Hatchery  
  24  3:37  Spine Crawler  
  22  3:43  Queen  
  22  3:47  Drone  
  22  3:48  Drone x2, Spine Crawler  
  26  3:59  Drone x3  
  29  4:10  Lair  
  29  4:19  Queen  
  29  4:21  Drone x3  
  34  4:39  Roach Warren  
  33  4:54  Queen  
  33  4:56  Queen  
  37  5:01  Drone x4  
  41  5:12  Overlord  
  41  5:13  Overlord  
  41  5:23  Drone x2  
  41  5:24  Drone x2  
  45  5:30  Queen  
  45  5:31  Queen  
  49  5:48  Drone  
  50  5:58  Drone x2  
  50  5:59  Drone  
  50  6:03  Drone  
  50  6:04  Drone x2  
  56  6:06  Pneumatized Carapace  
  56  6:07  Queen  
  58  6:37  Overlord x4  
  58  6:38  Overlord x2  
  58  6:43  Queen  
  60  6:50  Spire  
  59  7:07  Spore Crawler  
  52  7:23  Roach x5  
  52  7:24  Roach  
  52  7:29  Roach  
  64  7:30  Roach x6  
  64  7:31  Roach  
  70  7:38  Zergling x12  
  70  7:52  Zergling x4  
  70  7:53  Zergling x4  
  65  8:15  Hatchery  
  48  10:00  Roach  
  48  10:01  Roach x2  
  48  10:06  Roach x3  
  58  10:24  Roach x3  
Show
View Real Time Build Order
Export as new Build Order

zealot Terran 

Build Orders:  

Get SALT Encoding   

  12  0:02  SCV  
  13  0:14  SCV  
  14  0:19  Supply Depot  
  14  0:46  Barracks  
  14  0:48  SCV  
  15  0:50  Barracks  
  15  0:59  Refinery  
  15  1:00  SCV  
  16  1:07  Refinery  
  16  1:40  Barracks Reactor  
  16  1:42  Supply Depot  
  16  1:52  Barracks Reactor  
  16  1:55  Orbital Command  
  16  2:19  Marine x2  
  18  2:33  Marine x2  
  20  2:37  Marine x2  
  22  2:51  Marine x2  
  22  2:55  Marine x2  
  26  3:09  Marine x2  
  28  3:13  Marine x2  
  28  3:17  Factory  
  30  3:27  Marine  
  31  3:46  Supply Depot  
  31  4:02  Engineering Bay  
  31  4:07  Marine x4  
  31  4:08  Supply Depot  
  35  4:14  Factory Reactor  
  35  4:25  Marine x4  
  39  4:37  Supply Depot  
  39  4:43  Marine x4  
  43  4:51  Command Center  
  45  5:00  Marine x3, Hellion  
  45  5:03  Hellion  
  50  5:15  Supply Depot  
  52  5:21  Hellion  
  54  5:28  Hellion  
  56  5:43  Hellion  
  58  5:50  Hellion  
  52  6:04  Orbital Command, Hellion  
  62  6:11  Hellion  
  62  6:25  Hellion, Terran Infantry Weapons Level 1  
  66  6:33  Hellion  
  66  6:53  SCV  
  67  7:03  Refinery  
  67  7:05  SCV  
  66  7:17  SCV  
  66  7:19  Supply Depot  
  63  7:24  Marine x4  
  63  7:29  SCV  
  61  7:41  Marine, SCV  
  30  8:13  Marine x4  
  34  8:21  Hellion  
  36  8:30  Marine  
  36  8:31  Marine x3  
  25  8:48  Marine x2  
  25  8:49  Marine x2  
  29  9:05  Hellion x2  
  29  9:06  Marine x4  
  26  9:24  Marine x4  
  26  9:26  Hellion  
  26  9:27  Hellion  
  23  9:42  Marine x2  
  24  9:48  Hellion x2  
  23  9:55  Starport  
  19  10:00  Marine x2  
  19  10:09  Hellion x2  
  20  10:17  Marine  
  20  10:18  Marine  
  19  10:31  Hellion x2  
  19  10:35  Marine  
  23  10:36  Marine  
  19  10:53  Marine  
Tags
 
League
Bronze
Matchup
TvZ
Opening
Pool First
Spawn Locations
Cross Positions
Add a new tag
Caveats
  • Supply blocks, unpowered buildings, or Contaminate may cause inaccurate times.
  • Supply counts are checked every 10 seconds.